 Dungeon Crawl Stone Soup version 0.23.2-1-ga50397a6bc (webtiles) character file.

Game seed: 11530904007644904216

525 MTandi the Cudgeler (level 7, -2/70 HPs)
             Began as a Troll Berserker on May 26, 2019.
             Was a Believer of Trog.
             Slain by a sky beast (6 damage)
             ... on level 5 of the Dungeon.
             The game lasted 00:15:47 (3492 turns).

MTandi the Cudgeler (Troll Berserker)               Turns: 3492, Time: 00:15:47

Health: -2/70      AC:  9    Str: 28    XL:     7   Next: 2%
Magic:  6/6        EV: 13    Int:  3    God:    Trog [**....]
Gold:   221        SH:  0    Dex:  9    Spells: 6/6 levels left

rFire    . . .     SeeInvis .   j - +0 flail
rCold    + . .     Gourm    +   (no shield)
rNeg     . . .     Faith    .   b - +0 animal skin
rPois    .         Spirit   .   (helmet restricted)
rElec    .         Reflect  .   a - +2 cloak
rCorr    .         Harm     .   (gloves unavailable)
MR       .....                  (boots unavailable)
Stlth    +.........             (no amulet)
HPRegen  0.61/turn              m - +2 ring of evasion
MPRegen  0.10/turn              n - ring of protection from cold

@: no status effects
A: large, unfitting armour, claws 3, fast metabolism 3, gourmand, regeneration
1, shaggy fur 1, tough skin 3
a: Berserk, Trog's Hand, Renounce Religion


You were on level 5 of the Dungeon.
You worshipped Trog.
Trog was pleased with you.
You were not hungry.

You visited 1 branch of the dungeon, and saw 5 of its levels.

You collected 221 gold pieces.

Inventory:

Hand Weapons
 j - a +0 flail (weapon)
Armour
 a - a +2 cloak (worn)
 b - a +0 animal skin (worn)
Jewellery
 m - a +2 ring of evasion (left claw)
 n - a ring of protection from cold (right claw)
Scrolls
 f - 5 scrolls of identify
 k - a scroll of remove curse
 l - a scroll of teleportation
Potions
 d - a potion of agility {unknown}
 e - a potion of curing {unknown}
 g - 3 potions of heal wounds {unknown}
 h - 2 potions of ambrosia {unknown}
 i - 2 potions of mutation {unknown}
Comestibles
 c - 6 rations


   Skills:
 + Level 4.1 Fighting
 + Level 5.1 Maces & Flails
 + Level 4.0 Dodging
 - Level 0.1 Stealth


You had 6 spell levels left.
You didn't know any spells.
Your spell library was empty.

Dungeon Overview and Level Annotations

Branches:
Dungeon (5/15)
 Temple: D:4-7

Altars:
Ashenzari
Qazlal
Zin


Innate Abilities, Weirdness & Mutations

You are too large for most types of armour.
You have claws for hands.
Your metabolism is lightning-fast.
You like to eat raw meat.
Your natural rate of healing is unusually fast.
You are covered in fur. (AC +1)
You have extremely tough skin. (AC +3)


Message History

You sock something! Something hits you. Something shocks you.
You closely miss something. Something hits you. Something shocks you.
You hit something. Something hits you. Something shocks you.
* * * LOW HITPOINT WARNING * * *
You barely miss something. Something hits you.
* * * LOW HITPOINT WARNING * * *
Something shocks you.
* * * LOW HITPOINT WARNING * * *
Something hits you but does no damage.
You hit something. Something hits you.
* * * LOW HITPOINT WARNING * * *
Something shocks you.
* * * LOW HITPOINT WARNING * * *
Okay, then.
Okay, then.
There is a stone staircase leading up here.
Something hits you.
* * * LOW HITPOINT WARNING * * *
Something shocks you.
You die...

## #... #.. ....
#... #..#
#..##..##
#.......#........
#.......#........
#.......#....####
#.....@.#....#...
##..##.{##..._#...
....###'##....#A..
........##....####
..................
##..##..##........
#. #+###........
.. .......#. .
...##..#


There were no monsters in sight!

Vanquished Creatures
  A scorpion (D:4)
  A hound (D:4)
  3 orc priests (D:4)
  Jessica (D:2)
  6 orc wizards
  4 gnolls (D:2)
  5 adders
  An ooze (D:4)
  A worm (D:2)
  2 leopard geckos (D:2)
  10 orcs
  3 giant cockroaches
  9 goblins
  6 hobgoblins
  4 jackals (D:1)
  8 kobolds
  A quokka (D:2)
  A ball python (D:3)
  6 bats
  5 frilled lizards
  5 rats
83 creatures vanquished.

Notes
Turn   | Place    | Note
-------+----------+-------------------------------------------
     0 | D:1      | MTandi the Troll Berserker began the quest for the Orb.
     0 | D:1      | Reached XP level 1. HP: 22/22 MP: 0/0
    73 | D:1      | Reached XP level 2. HP: 29/29 MP: 1/1
   163 | D:1      | Reached skill level 3 in Maces & Flails
   549 | D:2      | Reached ** piety under Trog
   549 | D:2      | Reached XP level 3. HP: 36/36 MP: 2/2
   686 | D:2      | Reached XP level 4. HP: 15/45 MP: 3/3
   940 | D:2      | Noticed Jessica
   946 | D:2      | Reached skill level 4 in Maces & Flails
   950 | D:2      | Killed Jessica
  1018 | D:2      | Reached XP level 5. HP: 42/53 MP: 4/4
  2258 | D:3      | Found a faded altar of an unknown god.
  2660 | D:4      | Got a bronze ring mail
  2743 | D:4      | Reached XP level 6. HP: 40/61 MP: 5/5
  2816 | D:4      | Found a shattered altar of Ashenzari.
  2978 | D:4      | Reached skill level 5 in Maces & Flails
  3004 | D:4      | Found a stormy altar of Qazlal.
  3006 | D:4      | Noticed a fire elemental
  3007 | D:4      | Noticed an air elemental
  3007 | D:4      | Noticed a water elemental
  3274 | D:4      | Reached XP level 7. HP: 70/70 MP: 6/6
  3464 | D:5      | Entered Level 5 of the Dungeon
  3469 | D:5      | Found a glowing silver altar of Zin.
  3470 | D:5      | Noticed an angel
  3492 | D:5      | Slain by a sky beast

Skill      XL: |  1  2  3  4  5  6 |
---------------+-------------------+-----
Maces & Flails | 3 4 5 |  5.1
Fighting       | 3 4 |  4.1
Dodging        | 3 4 |  4.0
Stealth        | |  0.1

Action                   |  1- 3 |  4- 6 |  7- 9 || total
-------------------------+-------+-------+-------++-------
Melee: Mace              |    99 |    82 |       ||   181
       Flail             |       |   121 |    30 ||   151
Invok: Berserk           |     3 |       |       ||     3
       Trog's Hand       |     2 |     1 |       ||     3
  Use: Scroll            |       |     5 |       ||     5
  Eat: Chunk             |    12 |    11 |       ||    23
       Ration            |       |     3 |     1 ||     4
Armor: Animal skin       |    70 |    90 |    10 ||   170
Dodge: Dodged            |   106 |   130 |    22 ||   258
